[Event "Team 45 45 League T49"]
[Site "Internet Chess Club"]
[Date "2011.06.03"]
[Round "4"]
[White "MichaelJames"]
[Black "tamky70"]
[Result "1-0"]
[WhiteElo "1381"]
[BlackElo "1406"]
[Opening "KP: Nimzovich defense"]
[ECO "B00"]
[Time "20:00:27"]
[TimeControl "2700+45"]

1. e4 Nc6 2. Nf3 d6 3. Bb5 a6 4. Ba4 Bd7 5. Bb3 e6 6. O-O Be7 7. d4 Na5 8. Re1
Nxb3 9. axb3 Nf6 10. e5 Nd5 11. c4 Nb6 12. exd6 cxd6 13. Nc3 O-O 14. Qd3 d5 15.
Ne5 Bc6 16. c5 Nd7 17. Nxc6 bxc6 18. Rxa6 Rxa6 19. Qxa6 Qa8 20. Qxa8 Rxa8 21.
Bd2 Bf6 22. Be3 Rb8 23. Ra1 Rxb3 24. Ra8+ Nf8 25. Bc1 Bxd4 26. h4 Bxc5 27. Nb1
Bd4 28. Nd2 Rb6 29. h5 Bxb2 30. Bxb2 Rxb2 31. Nf3 h6 32. Rc8 Rb1+ 33. Kh2 Rb2
34. Kg3 Rc2 35. Ne5 Rc3+ 36. f3 d4 37. Nd7 d3 38. Rxf8+ Kh7 39. Rxf7 d2 40. Nf6+
Kh8 41. Rf8# {Black checkmated} 1-0

[Event "Team 45 45 League T49"]
[Site "Internet Chess Club"]
[Date "2011.06.07"]
[Round "4"]
[White "Elalfer"]
[Black "Conjurer"]
[Result "0-1"]
[WhiteElo "1342"]
[BlackElo "1289"]
[Opening "Nimzo-Indian: three knights variation"]
[ECO "E21"]
[Time "21:04:18"]
[TimeControl "2700+45"]

1. d4 Nf6 2. c4 e6 3. Nc3 Bb4 4. Nf3 b6 5. a3 Bxc3+ 6. bxc3 Ne4 7. Qc2 Bb7 8. e3
O-O 9. Bd3 f5 10. O-O d6 11. Rb1 Nd7 12. Nd2 Ndf6 13. f3 Ng5 14. Re1 c5 15. e4
f4 16. e5 dxe5 17. Rxe5 Nd7 18. Rxg5 Qxg5 19. Bxh7+ Kh8 20. Ne4 Qh4 21. Bg6 Qe1#
{White checkmated} 0-1

[Event "Team 45 45 League T49"]
[Site "Internet Chess Club"]
[Date "2011.06.06"]
[Round "4"]
[White "Morovon23"]
[Black "Woss"]
[Result "1/2-1/2"]
[WhiteElo "2310"]
[BlackElo "2228"]
[Opening "Grünfeld: modern exchange variation"]
[ECO "D90"]
[Time "18:00:13"]
[TimeControl "2700+45"]

1. d4 Nf6 2. Nf3 g6 3. c4 Bg7 4. Nc3 d5 5. cxd5 Nxd5 6. e4 Nxc3 7. bxc3 c5 8.
Be3 Qa5 9. Qd2 Nc6 10. Rc1 cxd4 11. cxd4 Qxd2+ 12. Kxd2 O-O 13. d5 Rd8 14. Ke1
Ne5 15. Nxe5 Bxe5 16. f4 Bd6 17. Kf2 f6 18. Bd3 Bd7 19. Rhd1 Rdc8 20. Kf3 Ba3
21. Rxc8+ Bxc8 22. e5 fxe5 23. fxe5 b6 24. Be4 Bb7 25. d6 Rf8+ 26. Bf4 exd6 27.
exd6 g5 28. Bxb7 Rxf4+ 29. Ke2 Rf8 30. d7 Rd8 31. Rd3 Bc5 32. Bc6 Kf8 33. Rh3
Ke7 34. Rxh7+ Kd6 35. Rh6+ Kc7 36. Bb5 Bd6 37. g3 a6 38. Bxa6 Kxd7 39. Kf3 Bc5
40. Kg4 Ke7 41. h4 gxh4 42. Rxh4 Rd2 43. a4 Rd4+ 44. Kf5 Rxh4 45. gxh4 Kf7 46.
h5 Kg7 47. Be2 Bg1 48. Kg5 Bf2 49. h6+ Kh8 50. Kg6 Bg1 51. Bd3 Bf2 52. Kf7 Bg1
53. Be4 Bf2 54. Bd3 Bg1 55. Be4 Bf2 56. Bd3 Bg1 57. Be4 Bf2 58. Bd3 {Game drawn
by repetition} 1/2-1/2

[Event "Team 45 45 League T49"]
[Site "Internet Chess Club"]
[Date "2011.06.05"]
[Round "4"]
[White "Barbus"]
[Black "ElCreyente"]
[Result "1/2-1/2"]
[WhiteElo "2027"]
[BlackElo "2178"]
[Opening "Sicilian: Najdorf, Byrne (English) attack"]
[ECO "B90"]
[Time "17:01:09"]
[TimeControl "2700+45"]

1. e4 c5 2. Nf3 d6 3. d4 cxd4 4. Nxd4 Nf6 5. Nc3 a6 6. Be3 e5 7. Nb3 Be6 8. f3
Be7 9. Qd2 Nbd7 10. g4 O-O 11. O-O-O b5 12. g5 Nh5 13. Ne2 Rc8 14. Ng3 Nf4 15.
Bxf4 exf4 16. Ne2 Ne5 17. Ned4 Nc4 18. Bxc4 bxc4 19. Nxe6 fxe6 20. Nd4 c3 21.
Qd3 Qd7 22. h4 cxb2+ 23. Kb1 Rc5 24. Qb3 d5 25. Rhe1 Rfc8 {Game drawn by mutual
agreement} 1/2-1/2

[Event "Team 45 45 League T49"]
[Site "Internet Chess Club"]
[Date "2011.06.06"]
[Round "4"]
[White "MikeA"]
[Black "egyptiantiger"]
[Result "1/2-1/2"]
[WhiteElo "2192"]
[BlackElo "2086"]
[Opening "Sicilian: Alapin's variation (2.c3)"]
[ECO "B22"]
[Time "09:53:39"]
[TimeControl "2700+45"]

1. e4 c5 2. c3 Nf6 3. e5 Nd5 4. d4 cxd4 5. Nf3 Nc6 6. cxd4 d6 7. Bc4 Nb6 8. Bb5
Bd7 9. Nc3 dxe5 10. dxe5 g6 11. O-O Bg7 12. Re1 O-O 13. Qe2 a6 14. Bd3 Bg4 15.
Bf4 Nd4 16. Qe3 Bxf3 17. gxf3 Ne6 18. Rad1 Qc7 19. Bg3 Rfd8 20. f4 Nc4 21. Qc1
Bh6 22. Qb1 Rac8 23. Bxc4 Rxd1 24. Rxd1 Qxc4 25. Nd5 Re8 26. b3 Qe2 27. Re1 Qf3
28. Qd1 Qxd1 29. Rxd1 Kg7 30. Nb6 Rd8 31. Rxd8 Nxd8 32. Nd5 Kf8 33. Kg2 Ne6 34.
Kf3 Ke8 35. Ke4 Kd7 36. Bh4 Nc5+ 37. Kd4 Ne6+ 38. Ke3 Bf8 39. f3 Nc7 40. Ke4
Nxd5 41. Kxd5 e6+ 42. Ke4 Kc6 43. Bf2 Bb4 44. Bd4 Bf8 45. Bc3 Ba3 46. Be1 Be7
47. Bc3 Ba3 48. Kd4 Kb5 49. Bd2 Bc5+ 50. Ke4 Ba3 51. Be3 a5 52. Bd2 a4 53. Be1
axb3 54. axb3 Be7 55. Kd4 Bc5+ 56. Kd3 Be7 57. Bd2 Bc5 58. Bc3 Be7 59. h3 Bh4
60. Ke3 Be7 61. Kd3 Bh4 62. Ke4 Be7 63. Bd2 Bc5 64. Kd3 Be7 65. Ke4 Bc5 {Game
drawn by mutual agreement} 1/2-1/2

[Event "Team 45 45 League T49"]
[Site "Internet Chess Club"]
[Date "2011.06.05"]
[Round "4"]
[White "Stryker672"]
[Black "CaoCao"]
[Result "1-0"]
[WhiteElo "1960"]
[BlackElo "1865"]
[Opening "Caro-Kann: Panov-Botvinnik, normal variation"]
[ECO "B13"]
[Time "22:07:13"]
[TimeControl "2700+45"]

1. e4 c6 2. d4 d5 3. exd5 cxd5 4. c4 Nf6 5. Nc3 Nc6 6. Bg5 e6 7. Nf3 Be7 8. c5
O-O 9. a3 a5 10. Na4 Nd7 11. Bxe7 Qxe7 12. Bb5 e5 13. dxe5 Ndxe5 14. Nxe5 Qxe5+
15. Qe2 Qxe2+ 16. Bxe2 Re8 17. Kd2 Nd4 18. Rae1 Bf5 19. Bd3 Be6 20. Kc3 Nc6 21.
Bb5 Rad8 22. Bxc6 bxc6 23. Kd4 Rb8 24. Nb6 Kf8 25. Re3 Re7 26. Rhe1 Ra7 27. a4
g6 28. h4 Kg7 29. f3 h5 30. Ke5 Re8 31. Kd6 Rd8+ 32. Kxc6 d4 33. Rd3 Bf5 34. Rd2
d3 35. Re5 Kf6 36. Rd5 Rxd5 37. Kxd5 Re7 38. Kd4 Re2 39. Kc3 Ke5 40. Nc4+ Kd5
41. Nxa5 Kxc5 42. Nb3+ Kd5 43. Rxe2 dxe2 44. Kd2 Bc2 45. Nc1 Bxa4 46. Nxe2 Kc4
47. Nc1 Bc6 48. Ke3 f6 49. g3 Bd7 50. Nd3 Bf5 51. Nf4 Bb1 52. b4 Kxb4 53. Nd5+
Kc5 54. Nxf6 Kd6 55. Kf4 Ke6 56. Kg5 Kf7 57. Nd5 Bf5 58. Kh6 Bb1 59. Nf4 Bc2 60.
Kg5 Bf5 61. Nxh5 {Black resigns} 1-0

[Event "Team 45 45 League T49"]
[Site "Internet Chess Club"]
[Date "2011.06.07"]
[Round "4"]
[White "pestka"]
[Black "qlwqznzn"]
[Result "1/2-1/2"]
[WhiteElo "2361"]
[BlackElo "2390"]
[Opening "King's Indian: orthodox, Aronin-Taimanov, bayonet attack"]
[ECO "E97"]
[Time "04:02:31"]
[TimeControl "2700+45"]

1. Nf3 Nf6 2. c4 g6 3. Nc3 Bg7 4. e4 d6 5. d4 O-O 6. Be2 e5 7. O-O Nc6 8. d5 Ne7
9. b4 a5 10. Ba3 axb4 11. Bxb4 Nd7 12. a4 h6 13. a5 f5 14. Nd2 Nf6 15. c5 fxe4
16. cxd6 cxd6 17. Ndxe4 Nf5 18. Bd3 Nxe4 19. Nxe4 Rf7 20. Rb1 Bf8 21. Bd2 Nd4
22. Rb6 Bf5 23. f4 h5 24. fxe5 dxe5 25. d6 Kh8 26. Bc4 Rd7 27. Nc5 Bxd6 28. Nxd7
Qxd7 29. Kh1 Bc5 30. Rxf5 Qxf5 31. Rxb7 Qe4 32. a6 Nf5 33. Qf1 Rf8 34. Rf7 Rxf7
35. Bxf7 Kg7 36. Bc4 Qd4 37. Qc1 Kh7 38. Be2 h4 39. Bc3 Qf2 40. Bf3 Nd4 41. Qe1
Qxe1+ 42. Bxe1 Nxf3 43. gxf3 h3 44. Bc3 Ba7 45. Bxe5 Kg8 46. f4 Kf7 47. f5 gxf5
48. Bb8 Bxb8 49. a7 Bxa7 {White stalemated} 1/2-1/2

[Event "Team 45 45 League T49"]
[Site "Internet Chess Club"]
[Date "2011.06.07"]
[Round "4"]
[White "BigPun21"]
[Black "Jack-ONeill"]
[Result "1/2-1/2"]
[WhiteElo "2176"]
[BlackElo "1992"]
[Opening "French: advance, Milner-Barry gambit"]
[ECO "C02"]
[Time "11:01:07"]
[TimeControl "2700+45"]

1. e4 e6 2. d4 d5 3. e5 c5 4. c3 Nc6 5. Nf3 Qb6 6. Bd3 cxd4 7. cxd4 Bd7 8. O-O
Nxd4 9. Nbd2 Ne7 10. Nxd4 Qxd4 11. Nf3 Qb6 12. Be3 Qc7 13. Rc1 Nc6 14. Qa4 Qa5
15. Qxa5 Nxa5 16. Rc7 Be7 17. Nd4 Nc4 18. Bxc4 dxc4 {Game drawn by mutual
agreement} 1/2-1/2

[Event "Team 45 45 League T49"]
[Site "Internet Chess Club"]
[Date "2011.06.02"]
[Round "4"]
[White "Kolibri"]
[Black "procyk"]
[Result "0-1"]
[WhiteElo "2028"]
[BlackElo "2153"]
[Opening "Caro-Kann: classical variation"]
[ECO "B18"]
[Time "14:00:27"]
[TimeControl "2700+45"]

1. e4 c6 2. d4 d5 3. Nc3 dxe4 4. Nxe4 Bf5 5. Ng3 Bg6 6. Nf3 Nd7 7. Bd3 e6 8. h4
Ngf6 9. h5 Bxd3 10. Qxd3 h6 11. Bd2 Bd6 12. Ne4 Nxe4 13. Qxe4 Nf6 14. Qe2 Qc7
15. g3 O-O-O 16. O-O-O c5 17. Rh4 c4 18. Ne5 b5 19. Qe1 Qb7 20. Ba5 Rdf8 21. Bb4
Bxb4 22. Qxb4 Nd5 23. Qc5+ Kb8 24. Nc6+ Ka8 25. Na5 Qb6 26. Qxb6 Nxb6 27. Nc6
Nd5 28. c3 Rc8 29. Ne5 Rc7 30. Rg4 Rg8 31. Re4 Nf6 32. Rh4 Rd8 33. f3 a5 34. Rh2
Kb7 35. Re1 Rd6 36. f4 Nd5 37. Rhe2 b4 38. Kc2 a4 39. Ng4 b3+ 40. Kb1 a3 41. Ne3
Nb6 42. Rc1 axb2 43. Kxb2 Na4+ 44. Kb1 Rb6 45. Nd1 bxa2+ 46. Kxa2 Kc6 47. Rb1
Nxc3+ 48. Nxc3 Ra7+ {White resigns} 0-1

[Event "Team 45 45 League T49"]
[Site "Internet Chess Club"]
[Date "2011.06.04"]
[Round "4"]
[White "xec"]
[Black "baumhauer"]
[Result "1-0"]
[WhiteElo "2097"]
[BlackElo "1857"]
[Opening "Sicilian: Scheveningen variation"]
[ECO "B80"]
[Time "04:30:21"]
[TimeControl "2700+45"]

1. e4 c5 2. Nf3 e6 3. d4 cxd4 4. Nxd4 Nf6 5. Nc3 d6 6. Be3 Be7 7. f4 O-O 8. Qf3
Nc6 9. O-O-O Qa5 10. Nb3 Qh5 11. g4 Qxg4 12. Qf2 Nd7 13. Rg1 Qh4 14. Rg3 Qf6 15.
Be2 g6 16. Nd4 Qg7 17. Qg2 Nb6 18. Ndb5 Rd8 19. Nxa7 Nxa7 20. Bxb6 Re8 21. Bc7
Nc6 22. Kb1 d5 23. exd5 exd5 24. Nxd5 Bh4 25. Rgd3 Bf5 26. R3d2 Be6 27. Bf3 Ra4
28. a3 b5 29. Nc3 Rc4 30. Bxc6 Rxc3 31. Be5 {Black resigns} 1-0

[Event "Team 45 45 League T49"]
[Site "Internet Chess Club"]
[Date "2011.06.06"]
[Round "4"]
[White "powerchess1"]
[Black "JFlamer"]
[Result "1-0"]
[WhiteElo "1705"]
[BlackElo "1794"]
[Opening "Queen's pawn, Mason variation"]
[ECO "D00"]
[Time "19:00:16"]
[TimeControl "2700+45"]

1. d4 d5 2. Bf4 Nf6 3. e3 Bf5 4. c4 e6 5. Qb3 Nbd7 6. Nc3 dxc4 7. Bxc4 Nb6 8.
Be2 a5 9. Nf3 Be7 10. Nh4 Bg6 11. O-O O-O 12. Nxg6 hxg6 13. h3 Nfd5 14. Nxd5
exd5 15. Rfc1 c6 16. a4 Bb4 17. Qd1 Re8 18. Bd3 Nd7 19. Qf3 Nf6 20. Bg5 Qd6 21.
Bf4 Qe6 22. Be5 Ne4 23. Bxe4 dxe4 24. Qg3 f6 25. Bc7 g5 26. Bb6 Qb3 27. Bc5 Qxb2
28. Bxb4 axb4 29. Qc7 Rxa4 30. Rab1 Qd2 31. Qxb7 Ra2 32. Rf1 Rc2 33. Rxb4 Rc1
34. Rb1 Rc2 35. Qd7 Re7 36. Rb8+ Kh7 37. Qf5+ g6 38. Qc8 Kh6 39. Qh8+ Rh7 40.
Qxf6 Rc1 41. Rg8 Rxf1+ 42. Kh2 g4 43. Qxg6# {Black checkmated} 1-0

[Event "Team 45 45 League T49"]
[Site "Internet Chess Club"]
[Date "2011.06.04"]
[Round "4"]
[White "Zugzwanged"]
[Black "redboot"]
[Result "0-1"]
[WhiteElo "1595"]
[BlackElo "1636"]
[Opening "French: Tarrasch, closed variation"]
[ECO "C05"]
[Time "10:00:33"]
[TimeControl "2700+45"]

1. e4 e6 2. d4 d5 3. Nd2 Nf6 4. e5 Nfd7 5. Bd3 c5 6. c3 Nc6 7. Ngf3 Qb6 8. O-O
g6 9. Re1 Bg7 10. dxc5 Nxc5 11. Bc2 O-O 12. Nf1 Qc7 13. h4 Nxe5 14. Bf4 Nxf3+
15. Qxf3 e5 16. Be3 Be6 17. h5 Rad8 18. Rad1 b6 19. Nh2 Qc8 20. hxg6 hxg6 21.
Qg3 Bf5 22. Bxf5 Qxf5 23. Nf3 Ne6 24. Nh4 Qh5 25. Nf3 e4 26. Nd4 Nxd4 27. Bxd4
Bxd4 28. Rxd4 Kg7 29. Red1 Rh8 30. Kf1 Qh1+ 31. Ke2 Qh5+ 32. Kd2 Qf5 33. Kc1 Rh5
34. Qe3 Qg5 35. Qxg5 Rxg5 36. g3 Kf6 37. c4 Rc8 38. Rxd5 Rxd5 39. Rxd5 Rxc4+ 40.
Kd2 Ke6 41. Rd8 Rc7 42. Re8+ Re7 43. Rc8 Kf5 44. Ke3 Kg5 45. Rd8 f5 46. Rd5 Rc7
47. Rd2 Kg4 48. Re2 Rc4 49. Rd2 g5 50. a3 f4+ 51. gxf4 gxf4+ 52. Ke2 Kh3 53. Rd7
Rc2+ 54. Ke1 Kg2 55. Rxa7 Rxb2 56. Re7 Kf3 57. Re6 Re2+ 58. Kd1 Rxf2 59. Rxb6 e3
60. Ke1 Rh2 61. Kd1 e2+ 62. Kc2 e1=Q+ 63. Kd3 Rd2+ 64. Kc4 Qc1+ {White resigns}
0-1

[Event "Team 45 45 League T49"]
[Site "Internet Chess Club"]
[Date "2011.06.06"]
[Round "4"]
[White "julesraider"]
[Black "mattphelps"]
[Result "1-0"]
[WhiteElo "1531"]
[BlackElo "1371"]
[Opening "King's Indian: 6.Be2"]
[ECO "E91"]
[Time "20:00:16"]
[TimeControl "2700+45"]

1. d4 Nf6 2. c4 g6 3. Nc3 Bg7 4. Nf3 O-O 5. e4 d6 6. Be2 b6 7. O-O Bb7 8. Qc2
Nbd7 9. b4 c5 10. bxc5 bxc5 11. d5 a6 12. Rb1 Rb8 13. Bd2 e6 14. dxe6 fxe6 15.
Bg5 Qc7 16. Rfd1 Ba8 17. Qd3 Rxb1 18. Rxb1 Rb8 19. Nd2 Rxb1+ 20. Ndxb1 Ne5 21.
Qh3 Qd7 22. Qh4 Qf7 23. f3 d5 24. cxd5 exd5 25. exd5 Nxd5 26. Bxa6 Nxc3 27. Nxc3
Qa7 28. Bc4+ Nxc4 29. Qxc4+ Qf7 30. Qxc5 Bxc3 31. Qxc3 Qxa2 32. Bh6 Qb1+ 33. Kf2
Qa2+ 34. Kg3 Qf7 35. Qc8+ {Black resigns} 1-0

[Event "Team 45 45 League T49"]
[Site "Internet Chess Club"]
[Date "2011.06.03"]
[Round "4"]
[White "Just-Jim"]
[Black "JohLeb"]
[Result "0-1"]
[WhiteElo "1361"]
[BlackElo "1458"]
[Opening "King's Indian: Makagonov system (5.h3)"]
[ECO "E71"]
[Time "18:30:21"]
[TimeControl "2700+45"]

1. c4 Nf6 2. Nc3 g6 3. e4 d6 4. h3 Bg7 5. d4 O-O 6. Be2 b6 7. Be3 Bb7 8. Qd3
Nbd7 9. Nf3 e6 10. O-O-O c5 11. dxc5 dxc5 12. e5 Bxf3 13. exf6 Bxe2 14. fxg7
Bxd3 15. gxf8=Q+ Kxf8 16. Rxd3 Qe7 17. Ne4 Ne5 18. Bh6+ Kg8 19. Bg5 Nxd3+ 20.
Kd2 Qb7 21. Kxd3 f5 22. Nf6+ Kf7 23. f3 h6 24. Nh7 hxg5 25. Nxg5+ Kf6 26. h4
Rd8+ 27. Kc3 Qd7 28. g4 Qd2+ 29. Kb3 Rd3+ 30. Ka4 Qb4# {White checkmated} 0-1

[Event "Team 45 45 League T49"]
[Site "Internet Chess Club"]
[Date "2011.06.02"]
[Round "4"]
[White "misuc56"]
[Black "katikus"]
[Result "1-0"]
[WhiteElo "1909"]
[BlackElo "1698"]
[Opening "QGD Slav defense"]
[ECO "D10"]
[Time "18:00:27"]
[TimeControl "2700+45"]

1. d4 d5 2. c4 c6 3. e3 Nf6 4. h3 e6 5. Nc3 Nbd7 6. Nf3 dxc4 7. Bxc4 b5 8. Be2
Bb7 9. a3 a6 10. O-O c5 11. Bd2 Be7 12. Rc1 O-O 13. Nh2 cxd4 14. exd4 Nb6 15.
Be3 Rc8 16. Bf3 Bxf3 17. Qxf3 Nc4 18. Qe2 Nd5 19. Nxd5 Qxd5 20. Nf3 Nxe3 21.
fxe3 Bf6 22. e4 Qb7 23. e5 Be7 24. b4 Qd5 25. Qb2 Rc4 26. Rxc4 bxc4 27. Qc3 Rc8
28. Rc1 Bd8 29. a4 Bb6 30. Kh1 Bd8 31. Rc2 f6 32. Re2 f5 33. Rc2 Be7 34. h4 h6
35. Qe1 Qe4 36. Re2 Qd5 37. Qc3 Bf8 38. Kh2 Be7 39. Kg3 Bd8 40. Kf2 Qc6 41. Ra2
Bb6 42. a5 Bd8 43. Rc2 Be7 44. g3 Qe4 45. Nd2 Qc6 46. Nxc4 Qb5 47. Qb3 Qxb4 48.
Qa2 Bd8 49. Ke2 Bxa5 50. Nxa5 Rxc2+ 51. Qxc2 Qxa5 52. Qc8+ Kh7 53. Qxe6 Qb5+ 54.
Kd2 Qb2+ 55. Kd3 Qb1+ 56. Kc3 Qa1+ 57. Kc2 Qa4+ 58. Kd3 Qd1+ 59. Kc3 Qa1+ 60.
Kb3 Qb1+ 61. Ka3 Qd3+ 62. Kb4 Qxd4+ 63. Ka5 Qe4 64. Kxa6 Qd3+ 65. Kb6 Qxg3 66.
Qxf5+ Qg6+ 67. Qxg6+ Kxg6 68. Kc7 Kf5 69. Kd6 g5 70. hxg5 hxg5 71. e6 g4 72. e7
Kf4 73. e8=Q Kg3 74. Qe5+ Kg2 75. Qe2+ Kh3 76. Ke5 g3 77. Kf4 {Black resigns}
1-0

[Event "Team 45 45 League T49"]
[Site "Internet Chess Club"]
[Date "2011.06.04"]
[Round "4"]
[White "AVEMARIA"]
[Black "lookatall65sqas"]
[Result "1-0"]
[WhiteElo "1729"]
[BlackElo "1553"]
[Opening "French: King's Indian attack"]
[ECO "C00"]
[Time "08:02:40"]
[TimeControl "2700+45"]

1. e4 e6 2. d3 d5 3. Qe2 Nf6 4. Nf3 c5 5. g3 Nc6 6. Bg2 g6 7. c3 Bg7 8. O-O O-O
9. Bg5 h6 10. Bxf6 Qxf6 11. Nbd2 d4 12. Rac1 e5 13. cxd4 Nxd4 14. Nxd4 cxd4 15.
f4 Qe7 16. f5 f6 17. fxg6 f5 18. exf5 Bxf5 19. Be4 Bxe4 20. Nxe4 Qe6 21. Qh5
Qxa2 22. Nf6+ Rxf6 23. Rxf6 Bxf6 24. Qxh6 Re8 25. Qh7+ Kf8 26. Rf1 Qe6 27. g7+
{Black resigns} 1-0

[Event "Team 45 45 League T49"]
[Site "Internet Chess Club"]
[Date "2011.06.05"]
[Round "4"]
[White "Chess64655"]
[Black "losscause"]
[Result "0-1"]
[WhiteElo "1621"]
[BlackElo "1603"]
[Opening "French defense"]
[ECO "C00"]
[Time "15:03:22"]
[TimeControl "2700+45"]

1. e4 e6 2. Nf3 a6 3. d4 c5 4. Be3 cxd4 5. Bxd4 Nc6 6. Nc3 Nxd4 7. Qxd4 b5 8. a3
Bb7 9. Be2 Nf6 10. O-O Qc7 11. e5 Nd5 12. Nxd5 Bxd5 13. Rac1 Bc5 14. Qf4 Be7 15.
c4 Bxf3 16. Bxf3 Rb8 17. cxb5 Qa7 18. bxa6 Qxa6 19. Rc2 O-O 20. Rfc1 h6 21. Be2
Qa7 22. Qe4 f5 23. exf6 Bxf6 24. Bd3 Bxb2 25. Qh7+ Kf7 26. Rc7 Qd4 27. Rf1 Ke7
28. Rc4 Qf6 29. a4 Bd4 30. Rc2 Ra8 31. Bb5 Rac8 32. Ra2 Rf7 33. Qd3 Rc3 34. Rd2
Rxd3 {White resigns} 0-1

[Event "Team 45 45 League T49"]
[Site "Internet Chess Club"]
[Date "2011.06.05"]
[Round "4"]
[White "alaskauk"]
[Black "DrOMM"]
[Result "1-0"]
[WhiteElo "1481"]
[BlackElo "1321"]
[Opening "Robatsch (modern) defense"]
[ECO "B06"]
[Time "15:03:34"]
[TimeControl "2700+45"]

1. e4 g6 2. Nf3 Bg7 3. Bc4 c5 4. Nc3 Nc6 5. O-O e6 6. Re1 Nge7 7. a3 b6 8. Nb5
O-O 9. d3 d5 10. exd5 exd5 11. Ba2 a6 12. Nc3 d4 13. Ne2 Be6 14. Bg5 Bg4 15. Ng3
b5 16. h3 Bd7 17. Qc1 Re8 18. Ne4 Qc8 19. Bxf7+ Kxf7 20. Nd6+ {Black resigns}
1-0

[Event "Team 45 45 League T49"]
[Site "Internet Chess Club"]
[Date "2011.06.04"]
[Round "4"]
[White "Epcot"]
[Black "filiusdextris"]
[Result "0-1"]
[WhiteElo "1854"]
[BlackElo "2105"]
[Opening "King's Indian: 5.Nf3"]
[ECO "E90"]
[Time "19:02:45"]
[TimeControl "2700+45"]

1. d4 g6 2. c4 Bg7 3. Nc3 d6 4. e4 Nf6 5. Nf3 O-O 6. h3 e5 7. d5 Nbd7 8. g4 Nc5
9. Qc2 a5 10. Be3 Nfxe4 11. Nxe4 Nxe4 12. Qxe4 f5 13. Qc2 f4 14. Bd2 e4 15. Ng1
Qh4 16. Qxe4 Bxb2 17. Rb1 Bf5 18. gxf5 Rae8 19. Qe6+ Rxe6+ 20. fxe6 Bd4 21. Rh2
f3 22. Bd3 Qh5 23. Kf1 Qe5 24. Rh1 Bxf2 25. Kxf2 Qd4+ 26. Be3 Qxd3 27. Rb2 Qxc4
{White resigns} 0-1

[Event "Team 45 45 League T49"]
[Site "Internet Chess Club"]
[Date "2011.06.05"]
[Round "4"]
[White "mickeys"]
[Black "CamLeslie"]
[Result "1-0"]
[WhiteElo "1987"]
[BlackElo "1941"]
[Opening "Queen's pawn game"]
[ECO "A46"]
[Time "13:03:28"]
[TimeControl "2700+45"]

1. d4 Nf6 2. Nf3 e6 3. Bf4 c5 4. e3 b6 5. Nbd2 Bb7 6. Bd3 Be7 7. c3 cxd4 8. exd4
O-O 9. Qc2 d6 10. Ne4 Nxe4 11. Bxe4 Bxe4 12. Qxe4 Nd7 13. O-O Nf6 14. Qd3 Qd7
15. Rfe1 Nd5 16. Bg3 b5 17. a3 Rfc8 18. Rac1 Nb6 19. Nd2 a5 20. c4 bxc4 21. Nxc4
Qb5 22. Ne5 Qd5 23. Ng4 a4 24. Ne3 Qb3 25. Qd2 Bg5 26. f4 Be7 27. f5 Bg5 28.
fxe6 Nd5 29. exf7+ Kh8 30. Rxc8+ Rxc8 31. Nxd5 {Black resigns} 1-0

[Event "Team 45 45 League T49"]
[Site "Internet Chess Club"]
[Date "2011.06.02"]
[Round "4"]
[White "Camden772"]
[Black "Pacini"]
[Result "0-1"]
[WhiteElo "1827"]
[BlackElo "2052"]
[Opening "Sicilian: closed, 6.Be3"]
[ECO "B26"]
[Time "22:02:12"]
[TimeControl "2700+45"]

1. e4 c5 2. Nc3 g6 3. g3 Nc6 4. Bg2 Bg7 5. d3 d6 6. Be3 Rb8 7. Qd2 e6 8. Nf3 b5
9. O-O Nd4 10. Nd1 b4 11. Ne1 Ne7 12. Bh6 O-O 13. Bxg7 Kxg7 14. c3 bxc3 15. bxc3
Ndc6 16. Nc2 Ba6 17. Re1 Qa5 18. d4 cxd4 19. Nxd4 Ne5 20. Nb3 Rxb3 21. Qxd6 N7c6
22. f4 Rd8 23. axb3 Qxa1 24. fxe5 Rxd6 25. exd6 Ne5 26. Kf2 {White resigns} 0-1

[Event "Team 45 45 League T49"]
[Site "Internet Chess Club"]
[Date "2011.06.04"]
[Round "4"]
[White "subterfuge"]
[Black "Mobtaker"]
[Result "1-0"]
[WhiteElo "1725"]
[BlackElo "1603"]
[Opening "Nimzo-Indian: classical, 4...c5"]
[ECO "E38"]
[Time "15:00:52"]
[TimeControl "2700+45"]

1. d4 Nf6 2. c4 e6 3. Nc3 Bb4 4. Qc2 c5 5. e3 cxd4 6. exd4 Nc6 7. Be3 b6 8. Bd3
Ba6 9. Ne2 Qc8 10. O-O Na5 11. b3 Qc6 12. Rac1 Bb7 13. f3 Ng4 14. Bf4 f5 15.
Bxf5 exf5 16. Qxf5 Nf6 17. d5 Qc5+ 18. Kh1 O-O 19. Qd3 Rae8 20. Ne4 Nxe4 21.
fxe4 Qe7 22. Ng3 Qh4 23. Nf5 Qg4 24. Rf3 Rxf5 25. exf5 d6 26. f6 g6 27. f7+ Kxf7
28. Bxd6+ Kg8 29. Bxb4 Qg5 30. Qf1 Qd8 31. Re1 Rxe1 32. Qxe1 Qc7 33. Qe6+ Kg7
34. Bc3+ Kh6 35. Rh3+ Kg5 36. Bd2+ {Black resigns} 1-0

[Event "Team 45 45 League T49"]
[Site "Internet Chess Club"]
[Date "2011.06.06"]
[Round "4"]
[White "SlimeDog2"]
[Black "playwaycool"]
[Result "1/2-1/2"]
[WhiteElo "2065"]
[BlackElo "2128"]
[Opening "QGD semi-Slav: 5.e3"]
[ECO "D45"]
[Time "22:00:06"]
[TimeControl "2700+45"]

1. d4 d5 2. Nf3 Nf6 3. c4 c6 4. Nc3 e6 5. e3 dxc4 6. Bxc4 b5 7. Bd3 Bb7 8. O-O
Nbd7 9. a3 Be7 10. b4 a5 11. Rb1 axb4 12. axb4 Nd5 13. Nxd5 exd5 14. Qc2 h6 15.
Bd2 O-O 16. Ne5 Nxe5 17. dxe5 Ra4 18. Bc3 Qc7 19. Qe2 Rfa8 20. Bc2 Ra3 21. Qd3
g6 22. e6 Bf6 23. exf7+ Qxf7 24. Bb3 Bc8 25. e4 Be6 26. Bxf6 Qxf6 27. exd5 Bf5
28. Qf3 Kg7 29. Rbc1 Qb2 30. Qc3+ Qxc3 31. Rxc3 cxd5 32. Rc7+ Kf6 33. Bxd5 R8a7
34. Rc6+ Ke5 35. Bf3 Ra1 36. g4 Bd3 37. Rxa1 Rxa1+ 38. Kg2 Kf4 39. Rf6+ Ke5 40.
Rf8 Rb1 41. Rh8 Kf4 42. Rf8+ Ke5 43. Rh8 Kf4 44. Rf8+ Ke5 45. h4 Rxb4 46. Rh8
Rb1 47. Rxh6 Kf4 48. Bc6 Rc1 49. Bd5 Kxg4 50. Rh8 Bf1+ 51. Kh2 Bd3 52. Kg2 b4
53. f3+ Kf4 54. Rf8+ Ke5 55. Bf7 Rb1 56. f4+ Kd4 57. Rd8+ Ke3 58. Rxd3+ Kxd3 59.
Bxg6+ Ke3 60. Bxb1 Kxf4 61. Kh3 b3 62. Bh7 b2 63. Bb1 Ke5 64. Kg4 Kf6 65. Kh5
Kg7 66. Kg5 Kh8 67. h5 Kg8 68. h6 Kh8 69. Bd3 b1=Q 70. Bxb1 Kg8 71. h7+ Kg7 72.
Ba2 Kxh7 {Game drawn because neither player has mating material} 1/2-1/2

[Event "Team 45 45 League T49"]
[Site "Internet Chess Club"]
[Date "2011.06.06"]
[Round "4"]
[White "saychess"]
[Black "chsrules88"]
[Result "1-0"]
[WhiteElo "2102"]
[BlackElo "1967"]
[Opening "Réti opening"]
[ECO "A04"]
[Time "22:00:22"]
[TimeControl "2700+45"]

1. Nf3 Nc6 2. e3 e5 3. d4 exd4 4. exd4 d5 5. Bb5 Nf6 6. Ne5 Bd7 7. Nxd7 Qxd7 8.
O-O Be7 9. c4 O-O 10. Nc3 a6 11. Ba4 Rad8 12. c5 b6 13. b4 b5 14. Nxb5 axb5 15.
Bxb5 Ra8 16. Re1 Rfe8 17. f3 Bf8 18. a4 Re6 19. Rxe6 Qxe6 20. Bxc6 Qxc6 21. b5
Qe6 22. Bf4 c6 23. b6 Qc8 24. Qd3 Nd7 25. a5 Ra6 26. Rb1 Qb7 27. Bd2 g6 28. Qe2
Ra8 29. Ra1 Nb8 30. Bg5 Na6 31. Bf6 Qd7 32. Re1 Qb7 33. Qd2 Nb8 34. Re8 Nd7 35.
Rxa8 Qxa8 36. Bg5 Bg7 37. h3 Qa6 38. Be3 Qb5 39. Bf2 Nf8 40. Qa2 Qa6 41. Qa4 Ne6
42. Qxc6 Bxd4 43. Qe8+ Kg7 44. Bxd4+ Nxd4 45. Qe5+ f6 46. Qxd4 Qxa5 47. Qxd5
Qa1+ 48. Kh2 Qc1 49. Qd4 Qb1 50. c6 Qb5 51. b7 h5 52. Qf4 {Black resigns} 1-0

[Event "Team 45 45 League T49"]
[Site "Internet Chess Club"]
[Date "2011.06.05"]
[Round "4"]
[White "LobowolfXXX"]
[Black "carokantor"]
[Result "0-1"]
[WhiteElo "1868"]
[BlackElo "1928"]
[Opening "Caro-Kann: advance variation"]
[ECO "B12"]
[Time "11:01:05"]
[TimeControl "2700+45"]

1. e4 c6 2. d4 d5 3. e5 Bf5 4. Nf3 e6 5. Be2 Ne7 6. O-O h6 7. b3 Nd7 8. c4 Ng6
9. Bb2 Nf4 10. Nc3 Be7 11. Re1 Nxe2+ 12. Qxe2 O-O 13. cxd5 exd5 14. Qd2 Re8 15.
h3 Nf8 16. Ne2 Be4 17. Nh2 Ne6 18. f4 Qb6 19. Rf1 c5 20. dxc5 Bxc5+ 21. Kh1 Be3
22. Qe1 Rac8 23. Nc3 Nxf4 24. Nxe4 dxe4 25. Ng4 Nd3 26. Qe2 Bd4 27. Rf6 gxf6 28.
Nxf6+ Kh8 29. Qh5 Nf2+ 30. Kh2 Kg7 31. Qf5 Red8 32. Qh7+ Kf8 33. Qxh6+ Ke7 34.
Qg5 Ke6 35. g4 Bxb2 36. Qf5+ Ke7 37. Qg5 Qe6 {White resigns} 0-1